 Dungeon Crawl Stone Soup version 0.30-a0-1043-g60ff8d5f49 (webtiles) character file.

Game seed: 17564874166085063836

121 DeathPants the Stinger (level 5, -8/63 HPs)
             Began as a Naga Venom Mage on Apr 10, 2023.
             Mangled by Crazy Yiuf
             ... wielding a +4 quarterstaff of chaos
              (14 damage)
             ... on level 3 of the Dungeon.
             The game lasted 00:08:37 (2447 turns).

DeathPants the Stinger (Naga Venom Mage)            Turns: 2447, Time: 00:08:38

Health: -8/63      AC:  3    Str: 12    XL:     5   Next: 5%
Magic:  6/8        EV:  9    Int: 16    God:
Gold:   219        SH:  0    Dex: 11    Spells: 2/8 levels left

rFire   . . .      SeeInvis +    l - +2 long sword (freeze)
rCold   . . .      Faith    .    (no shield)
rNeg    . . .      Spirit   .    p - +0 robe {Will+}
rPois   +          Reflect  .    (no helmet)
rElec   .          Rampage  .    c - +0 cloak
rCorr   .                        (no gloves)
Will    +....                    (no barding) Stlth
                                 (no amulet)
HPRegen 0.30/turn                (no ring)
MPRegen 0.11/turn                (no ring)

@: berserking, very slightly contaminated, quick
A: AC +1, large, see invisible, deformed body, poison resistance, slowness 2,
spit poison 1, naga tail 1
a: Spit Poison


You were on level 3 of the Dungeon.
You visited 1 branch of the dungeon, and saw 4 of its levels.

You collected 219 gold pieces.

Inventory:

Hand Weapons
 f - a +0 whip
 l - a +2 long sword of freezing (weapon)
Missiles
 x - 5 datura-tipped darts
Armour
 c - a +0 cloak (worn)
 o - a +0 kite shield
 p - a +0 robe of willpower (worn)
Jewellery
 v - a ring of ice
Wands
 q - a wand of iceblast (7)
 u - a wand of polymorph (9)
Scrolls
 a - a scroll of immolation {unknown}
 d - a scroll of enchant armour {unknown}
 i - 3 scrolls of amnesia
 j - a scroll of fear {unknown}
 m - a scroll of blinking {unknown}
 n - a scroll of poison {unknown}
 r - a scroll of magic mapping {unknown}
 w - a scroll of summoning {unknown}
Potions
 b - a potion of magic
 g - a potion of flight
 h - a potion of curing
 k - a potion of brilliance
 s - a potion of resistance {unknown}
 t - a potion of degeneration {unknown}


   Skills:
 - Level 1.5 Dodging
 - Level 3.0 Stealth
 - Level 2.0 Spellcasting
 - Level 1.0 Transmutations
 + Level 3.0 Air Magic
 - Level 6.0 Poison Magic


You had 2 spell levels left.
You knew the following spells:

 Your Spells              Type           Power      Damage    Failure   Level
a - Sting                 Tmut/Pois      48%        1d5       4%          1
b - Poisonous Vapours     Pois/Air       32%        N/A       4%          2
c - Mephitic Cloud        Conj/Pois/Air  11%        N/A       19%         3

Your spell library contained the following spells:

 Spells                   Type           Power      Damage    Failure   Level
 Olgreb's Toxic Radiance  Pois           20%        N/A       17%         4


Dungeon Overview and Level Annotations

Branches:
Dungeon (4/15)
 Temple: D:4-7

Altars:
Wu Jian
Zin

Shops:
D:3 =[(

Annotations:
D:3 Crazy Yiuf


Innate Abilities, Weirdness & Mutations

Your serpentine skin is tough. (AC +1)
You have supernaturally acute eyesight. (SInv)
Armour fits poorly on your strangely shaped body.
Your system is resistant to poisons. (rPois)
You cover ground very slowly.
You can spit poison.
You have a snake-like lower body.


Message History

Found a hammer.
Found a hammer.
You see here a +0 hammer.
You see here a +0 hammer.
Found a hammer.
Found a runed translucent door.
Crazy Yiuf shouts!
Crazy Yiuf says, "Two!
Papa light bush."
Okay, then.
You open the door.
Aiming: Sting (safe; 4% risk of failure)
Press: ? - help, Q - select action, (/) - cycle Shift-Dir - straight line, f - Crazy Yiuf
Aim: Crazy Yiuf, wielding a +4 quarterstaff of chaos and wearing a +0 cloak (75% to hit)
You miscast Sting.
You are very lightly contaminated with residual magic.
Nothing appears to happen.
Crazy Yiuf barely misses you.
Aiming: Sting (safe; 4% risk of failure)
Press: ? - help, Q - select action, (/) - cycle Shift-Dir - straight line, f/p - Crazy Yiuf
Aim: Crazy Yiuf, wielding a +4 quarterstaff of chaos and wearing a +0 cloak (75% to hit)
The sting hits Crazy Yiuf but does no damage.
Crazy Yiuf is poisoned.
Crazy Yiuf hits you with a +4 quarterstaff of chaos!
You hit Crazy Yiuf. You freeze Crazy Yiuf.
Crazy Yiuf is moderately wounded.
Crazy Yiuf hits you with a +4 quarterstaff of chaos.
You barely miss Crazy Yiuf.
Crazy Yiuf is moderately wounded.
Crazy Yiuf hits you with a +4 quarterstaff of chaos!
Crazy Yiuf burns you.
* * * LOW HITPOINT WARNING * * *
A red film seems to cover your vision as you go berserk!
You feel yourself moving faster!
You feel mighty!
Crazy Yiuf hits you with a +4 quarterstaff of chaos!
* * * LOW HITPOINT WARNING * * *
Crazy Yiuf burns you.
* * * LOW HITPOINT WARNING * * *
You closely miss Crazy Yiuf.
Crazy Yiuf is moderately wounded.
Crazy Yiuf hits you with a +4 quarterstaff of chaos!
You die...

#.... #.### #.# #.# #.#
############### ######.###
#>.......)..#.### ### #........#
#...###....).#..##...# ######.#.#
.##.......).####@g...# #[.....#.#
.###..#....## ###..)# ######.#.#
........#### ### ########.#
..###.### #......#.# ..# #...#
######.#.# ..# #####
##########...#.#.# ..#
#######.................
..########........##....#.#.#.#.#
.###.......######.####..#.#.#.#.#


You could see Crazy Yiuf (poisoned).

Vanquished Creatures
  Jessica (D:3)
  4 adders
  A worm (D:2)
  4 dart slugs
  5 ball pythons
  6 bats
  5 endoplasms
  2 giant cockroaches
  2 goblins
  4 hobgoblins
  2 jackals (D:3)
  3 quokkas
  3 frilled lizards (D:1)
  4 kobolds
  6 rats
52 creatures vanquished.

Notes
Turn   | Place    | Note
-------+----------+-------------------------------------------
     0 | D:1      | DeathPants the Naga Venom Mage began the quest for the Orb.
     0 | D:1      | Reached XP level 1. HP: 15/15 MP: 3/3
    91 | D:1      | Reached XP level 2. HP: 7/22 MP: 0/5
   243 | D:2      | Reached skill level 5 in Poison Magic
   412 | D:1      | Reached XP level 3. HP: 28/28 MP: 3/6
   415 | D:1      | Learned a level 2 spell: Poisonous Vapours
   419 | D:1      | Learned a level 3 spell: Mephitic Cloud
   592 | D:1      | Found a faded altar of an unknown god.
   782 | D:3      | Found Heximn's Jewellery Emporium.
   854 | D:3      | Found Nuezocao's Armour Shoppe.
  1115 | D:2      | Reached skill level 6 in Poison Magic
  1303 | D:2      | Reached skill level 1 in Air Magic
  1316 | D:2      | Reached XP level 4. HP: 26/36 MP: 4/7
  1720 | D:3      | Noticed Jessica
  1728 | D:3      | Killed Jessica
  1757 | D:3      | Found Vug Milo's Weapon Boutique.
  2113 | D:3      | Found a glowing silver altar of Zin.
  2127 | D:3      | Reached XP level 5. HP: 31/42 MP: 5/8
  2281 | D:3      | Found an ornate altar of the Wu Jian Council.
  2437 | D:3      | Found a runed translucent door.
  2438 | D:3      | Noticed Crazy Yiuf
  2447 | D:3      | Mangled by Crazy Yiuf

Illustrated notes

Levels and vault maps discovered:
D:1:      tarquinn_simple_flora_water_e, layout_rooms, basic_ecumenical_altar
D:2:      layout_basic, chequers_big_river, chequers_serial_rivers_marsh,
          minmay_cupped
D:3:      layout_basic, nicolae_wu_jian_wuxing_cycle, old_standard_altar,
          serial_shops, nicolae_shop_trees, shop, nicolae_shop_trees,
          uniq_jessica, uniq_crazy_yiuf_cottage
D:4:      layout_loops_corners, serial_shops, kennysheep_little_box,
          portal_sewer_entry_c, uniq_edmund

Skill      XL: |  1  2  3  4  5 |
---------------+----------------+-----
Poison Magic   | 5 6 |  6.0
Air Magic      | 1 2 3 |  3.0
Dodging        | |  1.5
Stealth        | |  3.0
Spellcasting   | |  2.0
Transmutations | |  1.0

Action                     |  1- 3 |  4- 6 || total
---------------------------+-------+-------++-------
  Melee: Whip              |    17 |       ||    17
         Unarmed           |     2 |       ||     2
         Long sword        |    28 |    29 ||    57
   Cast: Sting             |    30 |    15 ||    45
Ability: Spit Poison       |     1 |       ||     1
    Use: Scroll            |     4 |     1 ||     5
         Potion            |       |     1 ||     1
   Stab: Sleeping          |       |     2 ||     2
 Armour: Robe              |    29 |    20 ||    49
  Dodge: Dodged            |    33 |    17 ||    50

Table legend: (Time is in decaauts)
 A = Elapsed time spent in this place.
 B = Non-inter-level travel time spent in this place.
 C = Inter-level travel time spent in this place.
 D = Time resting spent in this place.
 E = Time spent auto-exploring this place.
 F = Levels seen in this place.
 G = Mean time per level.
                   A        B        C        D        E       F      G
               +--------+--------+--------+--------+--------+-----+--------+
         Total |   3157 |   3136 |     21 |    171 |   2146 |   4 |  789.2 |
       Dungeon |   3157 |   3136 |     21 |    171 |   2146 |   4 |  789.2 |
               +--------+--------+--------+--------+--------+-----+--------+

Top non-repeatable levels by time:
     D:2: 1197 daAuts
     D:3: 1093 daAuts
     D:1: 835 daAuts
     D:4: 31 daAuts
